 Dungeon Crawl Stone Soup version 0.23.2 (webtiles) character file.

Game seed: 661807761370399441

72 Kairos the Charmwright (level 4, 0/34 HPs)
             Began as a Formicid Skald on Apr 11, 2019.
             Slain by an adder (2 damage)
             ... on level 2 of the Dungeon.
             The game lasted 00:02:37 (892 turns).

Kairos the Charmwright (Formicid Skald)              Turns: 892, Time: 00:02:37

Health: 0/34       AC:  4    Str: 21    XL:     4   Next: 50%
Magic:  5/7        EV: 18    Int: 18    God:
Gold:   105        SH:  0    Dex: 15    Spells: 7/8 levels left

rFire    + . .     SeeInvis +   a - +0 spear
rCold    + . .     Gourm    .   (no shield)
rNeg     . . .     Faith    .   k - +2 robe {rC+ rF+}
rPois    .         Spirit   .   (helmet unavailable)
rElec    .         Reflect  .   (no cloak)
rCorr    .         Harm     .   (no gloves)
MR       .....                  (no boots)
Stlth    ++........             (no amulet)
HPRegen  0.11/turn              (no ring)
MPRegen  0.10/turn              (no ring)

@: mighty, brilliant, agile, lethally poisoned (0 -> -4), infused, flying
A: permanent stasis, dig shafts and tunnels, four strong arms, antennae 3
a: Dig, Shaft Self


You were on level 2 of the Dungeon.
You were not hungry.

You visited 1 branch of the dungeon, and saw 2 of its levels.

You collected 105 gold pieces.

Inventory:

Hand Weapons
 a - a +0 spear (weapon)
Missiles
 h - 8 silver tomahawks (quivered)
Armour
 b - a +0 leather armour
 j - a +0 ring mail
 k - a +2 robe of resistance (worn)
Scrolls
 f - 2 scrolls of blinking {unknown}
 g - 2 scrolls of teleportation {unknown}
 i - 2 scrolls of magic mapping {unknown}
 l - 2 scrolls of identify {unknown}
 m - a scroll of enchant armour {unknown}
 p - a scroll of enchant weapon {unknown}
 q - a scroll of remove curse {unknown}
Comestibles
 d - 2 rations
 r - 4 chunks of flesh


   Skills:
 + Level 2.7 Fighting
 + Level 2.8 Polearms
 + Level 1.4 Armour
 + Level 2.3 Dodging
 + Level 2.5 Spellcasting
 + Level 3.4 Charms


You had 7 spell levels left.
You knew the following spells:

 Your Spells              Type           Power        Failure   Level  Hunger
a - Infusion              Chrm           ####         1%          1    #......

Your spell library contained the following spells:

 Spells                   Type           Power        Failure   Level  Hunger
 Shroud of Golubria       Chrm/Tloc      ###.......   1%          2    ##.....
 Song of Slaying          Chrm           ####....     1%          2    ##.....
 Regeneration             Chrm/Necr      ###.......   3%          3    ###....
 Spectral Weapon          Hex/Chrm       ###.....     3%          3    ###....


Dungeon Overview and Level Annotations

Branches:
Dungeon (2/15)

Altars:


Innate Abilities, Weirdness & Mutations

You cannot be hasted, slowed, berserked, paralysed or teleported.
You can dig through walls and to a lower floor.
Your four strong arms can wield two-handed weapons with a shield.
You have a pair of large antennae on your head. (SInv)


Message History

* * * LOW HITPOINT WARNING * * *
The adder bites you.
* * * LOW HITPOINT WARNING * * *
You hit the adder.
The adder is severely wounded.
The adder bites you.
* * * LOW HITPOINT WARNING * * *
It was a potion of brilliance.
You feel clever all of a sudden.
* * * LOW HITPOINT WARNING * * *
You feel sick. The adder misses you.
It was a potion of might.
You feel very mighty all of a sudden. The adder barely misses you.
The adder closely misses you.
It was a potion of flight.
You feel very buoyant.
You fly up into the air.
* * * LOW HITPOINT WARNING * * *
You feel sick. The adder bites you.
You die...

.# .# ########## #.###... .# #.#
#.......# #.# ##.# .# ..
#.......####.####.# .# .#
#.......#........<. .## ##.#
#.................. ..######..
#.......#..........
.........######......)#..........
.######.......###S.####..........
†# #.#####...@................ .#
##.# #####.####...........
.#####..###### #.# ............
.##....)....... ... .#.....<....
.....#.######## ..## #########.#
.......# ..# .# .......# #..# .#
.......# ## .......#


You could see an adder.

Vanquished Creatures
  Terence (D:2)
  2 adders (D:2)
  An ooze (D:1)
  A leopard gecko (D:2)
  A ball python (D:1)
  2 giant cockroaches (D:2)
  2 hobgoblins
  2 frilled lizards (D:2)
  6 goblins
  6 rats
24 creatures vanquished.

Notes
Turn   | Place    | Note
-------+----------+-------------------------------------------
     0 | D:1      | Kairos the Formicid Skald began the quest for the Orb.
     0 | D:1      | Reached XP level 1. HP: 16/16 MP: 3/3
    68 | D:1      | Reached XP level 2. HP: 20/23 MP: 5/5
   500 | D:2      | Reached XP level 3. HP: 28/28 MP: 6/6
   639 | D:2      | Noticed Terence
   778 | D:2      | Killed Terence
   778 | D:2      | Reached XP level 4. HP: 25/34 MP: 4/7
   892 | D:2      | Slain by an adder

Skill      XL: |  1 |
---------------+----+-----
Dodging        | 2 |  2.3
Fighting       | |  2.7
Polearms       | |  2.8
Armour         | |  1.4
Spellcasting   | |  2.5
Charms         | |  3.4

Action                   |  1- 3 |  4- 6 || total
-------------------------+-------+-------++-------
Melee: Spear             |    84 |    23 ||   107
 Cast: Infusion          |     2 |     1 ||     3
  Use: Potion            |       |     4 ||     4
Armor: Leather armour    |     6 |       ||     6
       Robe              |     8 |     7 ||    15
Dodge: Dodged            |    44 |    14 ||    58
